 Dungeon Crawl Stone Soup version 0.29.1-4-g47bece8355 (webtiles) character file.

Game seed: 16572868954233317807

13411 fishmans the Severer (level 11, -1/92 HPs)
             Began as a Minotaur Berserker on Dec 3, 2022.
             Was a Believer of Trog.
             Slain by an ice devil (16 damage)
             ... summoned by a kobold demonologist
             ... on level 11 of the Dungeon on Dec 4, 2022.
             The game lasted 01:51:40 (20676 turns).

fishmans the Severer (Minotaur Berserker)          Turns: 20676, Time: 01:51:41

Health: -1/92      AC: 12    Str: 25    XL:     11   Next: 75%
Magic:  10/10      EV:  7    Int:  4    God:    Trog [**....]
Gold:   1145       SH:  0    Dex: 11    Spells: 10/10 levels left

rFire   . . .      SeeInvis .   r - +0 war axe
rCold   . . .      Faith    .   (no shield)
rNeg    . . .      Spirit   .   h - +1 plate armour
rPois   .          Reflect  .   (helmet restricted)
rElec   .          Harm     .   (no cloak)
rCorr   .          Rampage  .   (no gloves)
Will    ++...                   (no boots)
Stlth   ..........              (no amulet)
HPRegen 1.25/turn               (no ring)
MPRegen 0.12/turn               (no ring)

@: strong-willed, regenerating, hasted, very quick
A: horns 2, retaliatory headbutt
a: Renounce Religion, Berserk, Trog's Hand


You were on level 11 of the Dungeon.
You worshipped Trog.
Trog was pleased with you.
You visited 1 branch of the dungeon, and saw 11 of its levels.

You collected 1145 gold pieces.

Inventory:

Hand Weapons
 a - a +0 hand axe
 j - a +3 mace
 r - a +0 war axe (weapon)
 A - a +0 flail
 H - a +0 dire flail
 I - a +0 arbalest
 K - a +0 halberd
Missiles
 d - 9 boomerangs
 e - 91 stones
 f - 30 poisoned darts (quivered)
Armour
 b - a +0 animal skin
 g - a +0 ring mail
 h - a +1 plate armour (worn)
 i - a +1 scale mail
 k - a +0 leather armour
 w - a +0 chain mail
 G - a +2 scale mail of willpower
Jewellery
 z - a ring of ice
Wands
 y - a wand of flame (12)
 F - a wand of paralysis (3)
Scrolls
 m - 6 scrolls of identify
 p - a scroll of noise
 s - 4 scrolls of teleportation
 t - a scroll of enchant armour
 C - 2 scrolls of brand weapon {unknown}
 J - a scroll of fear {unknown}
Potions
 c - 4 potions of magic
 l - a potion of degeneration
 n - 3 potions of attraction
 q - 2 potions of flight
 u - 2 potions of resistance
 v - 3 potions of invisibility
 x - a potion of curing
 B - a potion of mutation {unknown}
 D - a potion of berserk rage {unknown}
 E - a potion of ambrosia {unknown}


   Skills:
 - Level 7.4 Fighting
 - Level 19.3 Axes
 + Level 5.3 Ranged Weapons
 - Level 1.9 Throwing
 - Level 3.0 Armour
 - Level 2.7 Dodging
 - Level 4.4 Evocations


You had 10 spell levels left.
You didn't know any spells.
Your spell library was empty.

Dungeon Overview and Level Annotations

Branches:
Dungeon (11/15)            Temple (0/1) D:6            Lair (0/5) D:9
    Orc: D:9-12

Altars:
Cheibriados
Dithmenos
Fedhas
Gozag
Kikubaaqudgha
Makhleb
Nemelex Xobeh
Okawaru
Ru
Uskayaw
Xom
Yredelemnul
Zin

Shops:
D:1 *   D:7 *


Innate Abilities, Weirdness & Mutations

You have a pair of horns on your head.
You reflexively headbutt those who attack you in melee.


Message History

Throw: 33 darts (poison)
Press: ? - help, Q - select action, (/) - cycle Shift-Dir - straight line, f/p - kobold demonologist
Aim: a kobold demonologist, wielding a +2 dagger of draining and wearing a +0 robe (lightly wounded, very poisoned, 48% to hit)
You throw a poisoned dart.
The poisoned dart hits the kobold demonologist.
The kobold demonologist looks as sick as possible!
The kobold demonologist is lightly wounded.
The kobold demonologist mumbles some strange words.
Throw: 32 darts (poison)
Press: ? - help, Q - select action, (/) - cycle Shift-Dir - straight line, f/p - kobold demonologist
Aim: a kobold demonologist, wielding a +2 dagger of draining and wearing a +0 robe (lightly wounded, extremely poisoned, 48% to hit)
You throw a poisoned dart.
The poisoned dart hits the kobold demonologist.
The kobold demonologist looks as sick as possible!
The kobold demonologist is lightly wounded.
Throw: 31 darts (poison)
Press: ? - help, Q - select action, (/) - cycle Shift-Dir - straight line, f/p - kobold demonologist
Aim: a kobold demonologist, wielding a +2 dagger of draining and wearing a +0 robe (moderately wounded, extremely poisoned, 48% to hit)
You throw a poisoned dart.
The poisoned dart hits the kobold demonologist.
The kobold demonologist looks as sick as possible!
The kobold demonologist is moderately wounded.
The kobold demonologist mumbles some strange words.
The kobold demonologist casts a cantrip, but nothing happens.
The kobold demonologist gestures wildly while chanting.
The white imp shouts, "Get thee hence, thou fulsome kobold-kissing boar-pig!"
You hit the ice devil but do no damage.
The ice devil hits you but does no damage.
You hit the ice devil but do no damage. The ice devil hits you.
The ice devil freezes you!! The ice devil attacks as you move away!
The ice devil hits you. The ice devil freezes you!
Your skin crawls.
You feel strong-willed. The ice devil hits you. The ice devil freezes you!!
* * * LOW HITPOINT WARNING * * *
You feel yourself speed up. The ice devil hits you!
* * * LOW HITPOINT WARNING * * *
The ice devil freezes you!
You die...

. #........... ### # #.
#...........
##.###.#.######........
##...# ..... #........
#..#.### ...####........
##.##...## #...##........
#..####..# #..##........ #.##
##)# #............ #.# #@#
#............ #.#
#4#####(.......##. #.#
#K5..K54.(.....###
#####.######.K...5)..........
#..............5...........##
#............................
#.........................##.
#..........................##
#......##.####....#.###..#..#


You could see an ice devil (summoned), 2 kobold demonologists, a white imp
(summoned) and an ufetubus (summoned).

Vanquished Creatures
  Fannar (D:10)
  A two-headed ogre (D:11)
  Lodul (D:10)
  2 slime creatures (D:9)
  Joseph (D:7)
  A gargoyle (D:11)
  Maggie (D:8)
  2 trolls (D:11)
  A vampire (D:10)
  4 wyverns
  A shadow (D:11)
  20 yaks
  4 water moccasins
  2 ice beasts
  3 orc warriors
  A black bear (D:6)
  8 centaurs
  11 ogres
  2 phantoms (D:6)
  4 kobold brigands
  2 bullfrogs
  2 gnoll sergeants
  5 necrophages
  3 scorpions
  10 wights
  20 killer bees
  A howler monkey (D:5)
  A quasit (D:8)
  2 jellies
  A hound (D:7)
  An orc priest (D:8)
  Ijyb (D:3)
  A gnoll bouda (D:7)
  5 iguanas
  7 orc wizards
  21 gnolls
  9 adders
  3 shadow imps (D:8)
  A white imp (D:8)
  4 ufetubi (D:8)
  2 worms
  4 dart slugs
  23 orcs
  9 bats
  7 endoplasms
  17 giant cockroaches
  9 hobgoblins
  6 jackals
  3 quokkas
  4 ball pythons
  4 frilled lizards (D:1)
  9 goblins
  17 kobolds
  3 rats
288 creatures vanquished.

Vanquished Creatures (others)
  3 bushes (D:9)
  A demonic plant (D:8)
  7 fungi (D:9)
  29 plants (D:9)
40 creatures vanquished.

Grand Total: 328 creatures vanquished

Notes
Turn   | Place    | Note
-------+----------+-------------------------------------------
     0 | D:1      | fishmans the Minotaur Berserker began the quest for the
                  | Orb.
     0 | D:1      | Reached XP level 1. HP: 19/19 MP: 0/0
   331 | D:1      | Reached XP level 2. HP: 27/27 MP: 1/1
   575 | D:1      | Reached skill level 4 in Axes
   660 | D:1      | Found Goatugaa's General Store.
   871 | D:1      | Reached ** piety under Trog
   969 | D:1      | Reached XP level 3. HP: 33/33 MP: 2/2
  2200 | D:2      | Found a faded altar of an unknown god.
  2201 | D:2      | Noticed a golden eye
  2209 | D:2      | Noticed a floating eye
  2233 | D:2      | Noticed an eye of devastation
  2336 | D:2      | Noticed a shining eye
  2489 | D:2      | Reached skill level 5 in Axes
  2489 | D:2      | Reached XP level 4. HP: 40/40 MP: 3/3
  3200 | D:3      | Noticed Ijyb
  3215 | D:3      | Paralysed by Ijyb for 3 turns
  3221 | D:3      | Paralysed by Ijyb for 3 turns
  3231 | D:3      | Killed Ijyb
  3232 | D:3      | Reached skill level 6 in Axes
  3232 | D:3      | Reached XP level 5. HP: 39/46 MP: 4/4
  3455 | D:3      | Reached *** piety under Trog
  3854 | D:3      | Found a sacrificial altar of Ru.
  4036 | D:4      | Reached skill level 7 in Axes
  4068 | D:4      | Reached XP level 6. HP: 38/52 MP: 5/5
  4168 | D:4      | Reached skill level 8 in Axes
  4552 | D:4      | Found a glowing silver altar of Zin.
  5594 | D:4      | Reached skill level 9 in Axes
  5594 | D:4      | Reached XP level 7. HP: 59/59 MP: 6/6
  5811 | D:5      | Entered Level 5 of the Dungeon
  6451 | D:5      | Found a snail-covered altar of Cheibriados.
  6561 | D:5      | Reached skill level 10 in Axes
  7106 | D:5      | Reached skill level 11 in Axes
  7273 | D:5      | Found a burning altar of Makhleb.
  7526 | D:5      | Reached XP level 8. HP: 59/60 MP: 7/7
  7644 | D:6      | Found a staircase to the Ecumenical Temple.
  8041 | D:6      | Reached skill level 12 in Axes
  8491 | D:6      | Reached skill level 13 in Axes
  8533 | D:6      | Found a hide-covered altar of Uskayaw.
  9426 | D:7      | Found an opulent altar of Gozag.
  9429 | D:7      | Noticed Joseph
  9628 | D:7      | Killed Joseph
  9629 | D:7      | Reached skill level 14 in Axes
  9629 | D:7      | Reached XP level 9. HP: 43/71 MP: 8/8
 10223 | D:7      | Found Gozag's Platinum Reserve.
 10274 | D:7      | Reached skill level 15 in Axes
 10715 | D:7      | Found a shimmering altar of Xom.
 10757 | D:7      | Found a sparkling altar of Nemelex Xobeh.
 11651 | D:8      | Reached skill level 16 in Axes
 12569 | D:8      | Found a shadowy altar of Dithmenos.
 12758 | D:8      | Noticed Maggie
 12769 | D:8      | Killed Maggie
 12770 | D:8      | Reached XP level 10. HP: 64/78 MP: 9/9
 13665 | D:8      | Reached skill level 17 in Axes
 14033 | D:9      | Found a blossoming altar of Fedhas.
 14926 | D:9      | Reached skill level 18 in Axes
 15005 | D:9      | Reached skill level 19 in Axes
 15108 | D:9      | Found a staircase to the Lair.
 15193 | D:9      | Found a basalt altar of Yredelemnul.
 15995 | D:10     | Entered Level 10 of the Dungeon
 16166 | D:9      | Reached skill level 1 in Evocations
 16166 | D:9      | Reached XP level 11. HP: 52/85 MP: 10/10
 16432 | D:10     | Reached skill level 5 in Fighting
 16640 | D:10     | Found an ancient bone altar of Kikubaaqudgha.
 16840 | D:10     | Found an iron altar of Okawaru.
 17034 | D:10     | Noticed Lodul
 17047 | D:10     | Killed Lodul
 17886 | D:10     | Noticed Fannar
 17905 | D:10     | Killed Fannar
 18576 | D:11     | Reached skill level 1 in Throwing
 19298 | D:10     | Reached skill level 1 in Ranged Weapons
 19566 | D:11     | Noticed a two-headed ogre
 20019 | D:11     | Noticed a soul eater
 20266 | D:11     | Killed a two-headed ogre
 20267 | D:11     | Reached skill level 5 in Ranged Weapons
 20676 | D:11     | Slain by an ice devil

Illustrated notes

Levels and vault maps discovered:
D:1:      ncdulo_smallfort, layout_basic, serial_shops, nicolae_shop_trees
D:2:      layout_basic, hellmonk_ecumenical_altar_watching_god,
          corexii_leaking_fountain
D:3:      minmay_roachtagon, layout_basic, mainiacjoe_overflow_alcove_1,
          uniq_ijyb
D:4:      layout_rooms, lemuel_tele_altar
D:5:      layout_cave_pools, lemuel_coloured_pillars_altar, old_standard_altar
D:6:      layout_rooms, nicolae_uskayaw_murder_on_the_dancefloor,
          minmay_temple_entry_mini_moons
D:7:      layout_rooms, nicolae_gozag_zags_fifth_avenue,
          nicolae_overflow_crystal_walls, mainiacjoe_overflow_six_doors_small,
          uniq_joseph
D:8:      layout_loops_ring, amcnicky_altar_gilded, enter_bailey_4,
          serial_demonic, serial_demonic_d, serial_demonic_g, serial_demonic_a,
          serial_demonic_c, uniq_maggie
D:9:      layout_stronghold, mainiacjoe_overflow_cross_hatched,
          mainiacjoe_overflow_boulevard, minmay_lair_entry_grove
D:10:     layout_roguey, lemuel_round_altar, mainiacjoe_overflow_catwalk,
          uniq_fannar, uniq_lodul
D:11:     layout_rooms

Skill      XL: |  1  2  3  4  5  6  7  8  9 10 11 |
---------------+----------------------------------+-----
Axes           | 4 5 6 7 9 11 14 16 19 | 19.3
Fighting       | 4 7 |  7.4
Armour         | 3 |  3.0
Evocations     | 1 4 |  4.4
Throwing       | 1 |  1.9
Ranged Weapons | 5 |  5.3
Dodging        | |  2.7

Action                   |  1- 3 |  4- 6 |  7- 9 | 10-12 || total
-------------------------+-------+-------+-------+-------++-------
Melee: Hand axe          |    95 |   125 |       |       ||   220
       Headbutt          |    13 |    22 |    63 |    75 ||   173
       Punch             |     1 |     1 |     4 |     5 ||    11
       War axe           |       |    29 |   313 |   383 ||   725
 Fire: Arbalest          |       |       |       |    17 ||    17
Throw: Stone             |       |       |     4 |       ||     4
       Dart              |       |       |     2 |    14 ||    16
       Boomerang         |       |       |       |     7 ||     7
Invok: Trog's Hand       |       |       |    10 |    16 ||    26
       Berserk           |       |       |     4 |     6 ||    10
Evoke: Wand              |       |       |       |     2 ||     2
  Use: Scroll            |     5 |     6 |     7 |     5 ||    23
       Potion            |       |     1 |     2 |     6 ||     9
Armor: Animal skin       |    16 |       |       |       ||    16
       Leather armour    |     9 |       |       |       ||     9
       Scale mail        |     7 |    76 |    21 |       ||   104
       Chain mail        |       |       |    32 |       ||    32
       Plate armour      |       |       |    70 |   176 ||   246
Dodge: Dodged            |    53 |    82 |   120 |   126 ||   381
